 Dungeon Crawl Stone Soup version 0.28-a0-750-g7c675f85b1 (webtiles) character file.

Game seed: 5517382279625571459

28 ytrimaz the Grave Robber (level 2, -1/19 HPs)
             Began as a Demonspawn Necromancer on Oct 29, 2021.
             Killed from afar by a dart slug (4 damage)
             ... with a slug dart
             ... on level 1 of the Dungeon.
             The game lasted 00:01:29 (1637 turns).

ytrimaz the Grave Robber (Demonspawn Necromancer)   Turns: 1637, Time: 00:01:30

Health: -1/19      AC:  2    Str:  8    XL:     2   Next: 96%
Magic:  0/5        EV: 12    Int: 16    God:
Gold:   16         SH:  0    Dex: 13    Spells: 5/6 levels left

rFire   . . .      SeeInvis .   (no weapon)
rCold   . . .      Faith    .   (no shield)
rNeg    . . .      Spirit   .   a - +0 robe
rPois   .          Reflect  .   (helmet restricted)
rElec   .          Harm     .   (no cloak)
rCorr   .          Rampage  .   (no gloves)
Will    .....                   (no boots)
Stlth   ++........              (no amulet)
HPRegen 0.06/turn               (no ring)
MPRegen 0.09/turn               (no ring)

@: no status effects
A: antennae 1
a: no special abilities


You were on level 1 of the Dungeon.
You visited 1 branch of the dungeon, and saw 1 of its levels.

You collected 16 gold pieces.

Inventory:

Armour
 a - a +0 robe (worn)
Scrolls
 b - a scroll of blinking {unknown}
 d - a scroll of identify {unknown}
Potions
 c - 2 potions of cancellation {unknown}


   Skills:
 - Level 1.7 Dodging
 - Level 1.7 Stealth
 * Level 2.6 Spellcasting
 + Level 5.0 Necromancy


You had 5 spell levels left.
You knew the following spells:

 Your Spells              Type           Power      Damage    Failure   Level
a - Pain                  Necr           72%        1d7       2%          1

Your spell library contained the following spells:

 Spells                   Type           Power      Damage    Failure   Level
 Animate Skeleton         Necr           36%        N/A       2%          1
 Vampiric Draining        Necr           9%         2d7       8%          3
 Animate Dead             Necr           9%         N/A       24%         4
 Agony                    Necr           18%        N/A       56%         5


Dungeon Overview and Level Annotations

Branches:
Dungeon (1/15)

Altars:
Beogh


Innate Abilities, Weirdness & Mutations

You have a pair of small antennae on your head.


Message History

You open the large door.
A ball python and a dart slug come into view.
The orc shouts!
The ball python hisses angrily.
The orc shouts!
The orc warrior shouts!
Found 13 gold pieces.
Found a roughly hewn altar of Beogh.
There are monsters nearby!
The dart slug barely resists.
The orc shouts!
The orc priest shouts!
The orc shouts! x2
The ball python bites you. The ball python barely misses you.
The dart slug bites you.
The ball python bites you but does no damage.
The ball python barely misses you.
The dart slug writhes in agony.
The orc shouts!
You hear a shout!
The ball python barely misses you. x2; The dart slug misses you.
The dart slug writhes in agony.
The ball python bites you. The ball python grabs you.
The ball python constricts you.
The ball python writhes in agony!
You kill the ball python!
The dart slug closely misses you.
The dart slug writhes in agony.
The dart slug launches a dart at you. The slug dart hits you.
* * * LOW HITPOINT WARNING * * *
You are too injured to fight recklessly!
You are too injured to fight recklessly!
You hit the dart slug but do no damage.
The dart slug is almost dead.
You hit the dart slug.
The dart slug is almost dead.
The dart slug bites you but does no damage.
You hit the dart slug but do no damage.
The dart slug is almost dead.
The dart slug bites you.
* * * LOW HITPOINT WARNING * * *
You barely miss the dart slug.
The dart slug is almost dead.
The dart slug launches a dart at you. The slug dart hits you.
You die...

)...+...(....# #################
....#############################
....#..................#.....##..
....#.).########..#...#....#....#
....#...#... ##..##....##...##.
....#...#....#####.......#.......
.####.).# 8o#$#.8.........#...#.
....#...# #.w......##.##..#...
###.#...# #.'@...........##..#
#.....#o.oo#$#.8......##......#
###...#...o# ###.....#..#...#..
#...#... ##....#...##..#...
#...########....##..#......#.
#......................##..#.
#...###....⌠...#...##..#..#..
#####.............#....#....#...#
...##....................##...#..


You could see an orc warrior, an orc priest (wandering), a dart slug and 3 orcs.

Vanquished Creatures
  2 dart slugs (D:1)
  6 ball pythons (D:1)
  4 endoplasms (D:1)
  2 goblins (D:1)
  A quokka (D:1)
  2 bats (D:1)
  2 frilled lizards (D:1)
  A kobold (D:1)
  5 rats (D:1)
25 creatures vanquished.

Notes
Turn   | Place    | Note
-------+----------+-------------------------------------------
     0 | D:1      | ytrimaz the Demonspawn Necromancer began the quest for the
                  | Orb.
     0 | D:1      | Reached XP level 1. HP: 13/13 MP: 3/3
   314 | D:1      | Gained mutation: You have a pair of small antennae on your
                  | head. [demonic ancestry]
   314 | D:1      | Reached XP level 2. HP: 15/19 MP: 0/5
  1035 | D:1      | Reached skill level 5 in Necromancy
  1577 | D:1      | Found a faded altar of an unknown god.
  1628 | D:1      | Noticed an orc warrior
  1637 | D:1      | Killed from afar by a dart slug

Illustrated notes

Levels and vault maps discovered:
D:1:      erik_arrival_cave_to_civilisation [erik_arrival_cave_to_temple],
          layout_basic, hellmonk_ecumenical_altar_defaced_shrine

Skill      XL: |  1  2 |
---------------+-------+-----
Necromancy     | 5 |  5.0
Dodging        | |  1.7
Stealth        | |  1.7
Spellcasting   | |  2.6

Action                   || total
-------------------------++-------
Melee: Unarmed           ||    28
 Cast: Pain              ||    48
Armor: Robe              ||     6
Dodge: Dodged            ||    22

Table legend: (Time is in decaauts)
 A = Elapsed time spent in this place.
 B = Non-inter-level travel time spent in this place.
 C = Inter-level travel time spent in this place.
 D = Time resting spent in this place.
 E = Time spent auto-exploring this place.
 F = Levels seen in this place.
 G = Mean time per level.
                   A        B        C        D        E       F      G
               +--------+--------+--------+--------+--------+-----+--------+
         Total |   1637 |   1637 |      0 |      0 |   1477 |   1 | 1637.0 |
       Dungeon |   1637 |   1637 |      0 |      0 |   1477 |   1 | 1637.0 |
               +--------+--------+--------+--------+--------+-----+--------+

Top non-repeatable levels by time:
     D:1: 1637 daAuts
